 Dungeon Crawl Stone Soup version 0.17.1-1-g73c8601 (webtiles) character file.

1601 Implojin the Grappler (level 8, -37/74 HPs)
             Began as a Troll Fighter on Apr 8, 2016.
             Was a Follower of Cheibriados.
             Killed from afar by culcha's ghost (47 damage)
             ... with a bolt of negative energy
             ... on level 12 of the Dungeon.
             The game lasted 00:09:02 (1424 turns).

Implojin the Grappler (Troll Fighter)               Turns: 1424, Time: 00:09:02

Health: -37/74     AC:  6    Str: 27    XL:     8   Next: 62%
Magic:  7/7        EV: 13    Int:  6    God:    Cheibriados [*.....]
Gold:   81         SH:  9    Dex: 18    Spells: 0 memorised, 7 levels left

rFire  . . .     SeeInvis .       - Unarmed
rCold  . . .     Clarity  .     a - +0 robe
rNeg   . . .     SustAt   .     b - +0 shield
rPois  .         Gourm    +     l - +1 hat
rElec  .         Spirit   .     (no cloak)
rCorr  .         Warding  .     (gloves unavailable)
rMut   .         Stasis   .     (boots unavailable)
MR     .....                    (no amulet)
Stlth  +++.......               (no ring)
                                (no ring)

@: agile, lethally poisoned (-37 -> -43), drained, very slow, not resistant to
hostile enchantments, fairly stealthy
A: unfitting armour, claws 3, fast metabolism 3, gourmand, regeneration 2,
shaggy fur 1, tough skin 2
a: Bend Time, Renounce Religion


You were on level 12 of the Dungeon.
You worshipped Cheibriados.
Cheibriados was aware of your devotion.
You were completely stuffed.

You visited 2 branches of the dungeon, and saw 13 of its levels.

You collected 81 gold pieces.

Inventory:

Missiles
 k - a throwing net (quivered)
Armour
 a - a +0 robe (worn)
 b - a +0 shield (worn)
 l - a +1 hat (worn)
Scrolls
 c - a scroll of fear {unknown}
 e - 4 scrolls of remove curse
 f - a scroll of immolation {unknown}
 j - 2 scrolls of teleportation
 p - a scroll of fog {unknown}
 t - a scroll of recharging {unknown}
 u - a scroll of enchant weapon
 w - a scroll of amnesia
 y - a scroll of torment {unknown}
Potions
 h - a potion of ambrosia
 i - 2 potions of brilliance
 q - 3 potions of curing
 v - a potion of degeneration
Books
 m - a book of Transfigurations

   Spells                             Type                      Level
   a - Stoneskin                      Transmutation/Earth          2
   b - Irradiate                      Conjuration/Transmutation    5
   c - Statue Form                    Transmutation/Earth          6
   d - Hydra Form                     Transmutation                6
   e - Dragon Form                    Transmutation                7
Comestibles
 d - 5 bread rations
 s - a meat ration


   Skills:
 - Level 2.4(1.7) Fighting
 - Level 2.4(1.7) Dodging
 - Level 2.4(1.7) Shields
 * Level 11.0(10.1) Unarmed Combat


You had 7 spell levels left.
You didn't know any spells.

Dungeon Overview and Level Annotations

Branches:
Dungeon (12/15)            Temple (1/1) D:6
   Lair: D:8-11         Orc: D:9-12

Altars:
Ashenzari
Cheibriados
Dithmenos
Fedhas
Makhleb
Ru

Annotations:
D:10 Implojin's ghost, novice TrMo
D:12 culcha's ghost, journeyman DrBe


Innate Abilities, Weirdness & Mutations

You are too large for most types of armour.
You have claws for hands.
Your metabolism is lightning-fast.
You like to eat raw meat.
You heal very quickly.
You are covered in fur (AC +1).
You have very tough skin (AC +2).


Message History

You claw the slime creature!
The slime creature is heavily wounded.
The slime creature hits you!
Culcha's ghost (journeyman Pale Draconian Berserker) comes into view.
It is wielding a weapon of venom.
Culcha's ghost turns its malevolent gaze towards you.
You scratch the slime creature.
The slime creature is heavily wounded.
You block the slime creature's attack.
You claw the slime creature!
The slime creature is severely wounded.
The slime creature hits you!
* * * LOW HITPOINT WARNING * * *
You mangle the slime creature!!
The slime creature is almost dead.
You block the slime creature's attack.
You mangle the slime creature!!
You kill the slime creature!
Cheibriados appreciates the change of pace.
Your Unarmed Combat skill increases to level 11!
Throwing (i - inventory):
k - 2 throwing nets (quivered)
Press: ? - help, Shift-Dir - straight line, f - culcha's ghost
Aim: culcha's ghost, wielding a weapon of venom You throw a throwing net.
The throwing net closely misses culcha's ghost.
Drink which item? (? for menu, Esc to quit)
You feel agile all of a sudden. Culcha's ghost hits you!!
* * * LOW HITPOINT WARNING * * *
You are poisoned.
You miss culcha's ghost.
You feel sick.
A slime creature comes into view.
Read which item? (? for menu, Esc to quit)
Okay, then.
Drink which item? (? for menu, Esc to quit)
Okay, then.
You closely miss culcha's ghost.
You feel sick.
Culcha's ghost breathes negative energy at you.
The bolt of negative energy hits you!
You feel drained.
Ouch! That really hurt!
You die...

### ..# #.# #.# # #<#
..##.#################.#
...J.((((W@.........##.#
..#......#####.####.##.#
#.####.# #.####.##.# ..
#.#####......†..# #
#$##.........)#.#
#<##.#######..#... #.##
#..#.### #.# #..#.# #.#
......


You could see a slime creature (wandering) and culcha's ghost.

Vanquished Creatures
  2 slime creatures (D:12)
  A hippogriff (D:9)
  An ice beast (D:6)
  An orc warrior (D:9)
  An ogre (D:4)
  A centaur (D:8)
  3 giant frogs
  2 scorpions
  2 crimson imps
  A quasit (D:10)
  4 orc priests
  A giant frog skeleton (D:12)
  A giant frog zombie (D:6)
  4 orc wizards
  A hound zombie (D:7)
  A hound skeleton (D:5)
  2 adders
  A shadow imp (D:6)
  An ooze (D:4)
  3 giant geckos
  15 orcs
  A giant cockroach (D:6)
  2 goblins (D:1)
  A kobold (D:3)
  A rat (D:3)
54 creatures vanquished.

Notes
Turn   | Place    | Note
--------------------------------------------------------------
     0 | D:1      | Implojin the Troll Fighter began the quest for the Orb.
     0 | D:1      | Reached XP level 1. HP: 22/22 MP: 0/0
    67 | D:3      | Reached skill level 3 in Unarmed Combat
    67 | D:3      | Reached XP level 2. HP: 22/29 MP: 1/1
    84 | D:4      | Found a shadowy altar of Dithmenos.
    95 | D:5      | Entered Level 5 of the Dungeon
   123 | D:5      | Reached XP level 3. HP: 36/36 MP: 2/2
   155 | D:6      | Noticed an ice beast
   206 | D:6      | Killed an ice beast
   206 | D:6      | Reached skill level 5 in Unarmed Combat
   206 | D:6      | Reached XP level 4. HP: 22/44 MP: 3/3
   273 | D:5      | Reached XP level 5. HP: 42/50 MP: 4/4
   301 | D:4      | Noticed an ogre
   306 | D:4      | Killed an ogre
   306 | D:4      | Reached skill level 6 in Unarmed Combat
   356 | D:6      | Reached XP level 6. HP: 51/59 MP: 5/5
   421 | D:6      | Reached skill level 7 in Unarmed Combat
   617 | D:6      | Found a staircase to the Ecumenical Temple.
   634 | Temple   | Entered the Ecumenical Temple
   679 | Temple   | Became a worshipper of Cheibriados the Contemplative
   922 | D:8      | Reached XP level 7. HP: 60/66 MP: 6/6
   932 | D:8      | Reached skill level 8 in Unarmed Combat
  1050 | D:9      | Reached skill level 9 in Unarmed Combat
  1116 | D:10     | Entered Level 10 of the Dungeon
  1121 | D:10     | Noticed a hill giant
  1135 | D:9      | Reached XP level 8. HP: 43/74 MP: 7/7
  1223 | D:10     | Noticed Implojin's ghost (novice TrMo)
  1251 | D:10     | Reached * piety under Cheibriados
  1349 | D:12     | Reached skill level 10 in Unarmed Combat
  1387 | D:12     | Noticed a slime creature
  1402 | D:12     | Killed a slime creature
  1406 | D:12     | Noticed a slime creature
  1416 | D:12     | Noticed culcha's ghost (journeyman DrBe)
  1420 | D:12     | Killed a slime creature
  1420 | D:12     | Reached skill level 11 in Unarmed Combat
  1424 | D:12     | Noticed a slime creature
  1424 | D:12     | Killed from afar by culcha's ghost

Action                   |  1- 3 |  4- 6 |  7- 9 || total
-------------------------+-------+-------+-------++-------
Melee: Unarmed           |    35 |    66 |    98 ||   199
Throw: Javelin           |       |       |     4 ||     4
       Tomahawk          |       |       |     2 ||     2
       Throwing net      |       |       |     1 ||     1
Invok: Bend Time         |       |       |     1 ||     1
  Use: Potion            |     1 |       |     2 ||     3
       Scroll            |       |       |    10 ||    10
  Eat: Chunk             |     4 |     5 |    10 ||    19

Table legend:
 A = Turns spent in this place as a percentage of turns spent in the entire game.
 B = Non-inter-level travel turns spent in this place as a percentage of non-inter-level travel turns spent in the entire game.
 C = Inter-level travel turns spent in this place as a percentage of turns spent in this place.
 D = Turns resting spent in this place as a percentage of non-inter-level travel turns spent in this place.
 E = Turns spent auto-exploring this place as a percentage of non-inter-level travel turns spent in this place.
 F = Non-inter-level travel turns spent in this place divided by the number of levels of this place that you've seen.
                   A       B       C       D       E      F
               +-------+-------+-------+-------+-------+----------------------
         Total | 100.0 | 100.0 |   0.0 |   0.0 |   0.0 | 104.8
       Dungeon |  94.6 |  94.6 |   0.0 |   0.0 |   0.0 | 107.5
        Temple |   5.4 |   5.4 |   0.0 |   0.0 |   0.0 |  73.0
               +-------+-------+-------+-------+-------+----------------------

Table legend:
 A = Kills in this place as a percentage of kills in entire the game.
 B = Kills by you in this place as a percentage of kills by you in the entire game.
 C = Kills by friends in this place as a percentage of kills by friends in the entire game.
 D = Other kills in this place as a percentage of other kills in the entire game.
 E = Experience gained in this place as a percentage of experience gained in the entire game.
 F = Experience gained in this place divided by the number of levels of this place that you have seen.
                   A       B       C       D       E      F
               +-------+-------+-------+-------+-------+----------------------
         Total | 100.0 | 100.0 |  -nan |  -nan | 100.0 | 176.0
       Dungeon | 100.0 | 100.0 |  -nan |  -nan | 100.0 | 190.7
               +-------+-------+-------+-------+-------+----------------------
